 Dungeon Crawl Stone Soup version 0.24-a0-441-g27f0392e16 (webtiles) character file.

Game seed: 7826414082847442871

375 emperorscorpion the Chopper (level 6, 0/85 HPs)
             Began as a Deep Dwarf Berserker on June 20, 2019.
             Was a Believer of Trog.
             Slain by a wight
             ... wielding a +0 trident
              (2 damage)
             ... on level 6 of the Dungeon.
             The game lasted 00:05:59 (670 turns).

emperorscorpion the Chopper (Deep Dwarf Berserker)   Turns: 670, Time: 00:06:00

Health: 0/85       AC:  9    Str: 28    XL:     6   Next: 44%
Magic:  5/5        EV:  9    Int:  7    God:    Trog [**....]
Gold:   57         SH:  0    Dex: 12    Spells: 5/5 levels left

rFire    . . .     SeeInvis .   a - +0 hand axe
rCold    . . .     Gourm    .   (no shield)
rNeg     . . .     Faith    .   m - +0 chain mail (curse)
rPois    .         Spirit   .   (no helmet)
rElec    .         Reflect  .   (no cloak)
rCorr    .         Harm     .   (no gloves)
MR       .....                  (no boots)
Stlth    ..........             (no amulet)
HPRegen  0.00/turn              (no ring)
MPRegen  0.09/turn              (no ring)

@: berserking, very slightly contaminated, non-regenerating, heavily drained,
very quick
A: damage resistance, heal wounds, blurry vision 1, sense surroundings 1, no
regeneration
a: Heal Wounds, Berserk, Trog's Hand, Renounce Religion


You were on level 6 of the Dungeon.
You worshipped Trog.
Trog was pleased with you.
You were near starving.

You visited 1 branch of the dungeon, and saw 6 of its levels.
You also visited: Sewer.

You collected 57 gold pieces.

Inventory:

Hand Weapons
 a - a +0 hand axe (weapon)
Armour
 b - a +0 animal skin
 e - a +0 ring mail
 k - the +1 leather armour of Ashenzari's Favour {*Contam rElec rPois}
   (You found it on level 5 of the Dungeon)

   It insulates you from electricity.
   It protects you from poison.
   It causes magical contamination when unequipped.
 m - a cursed +0 chain mail (worn)
Scrolls
 g - 2 scrolls of fear {unknown}
 i - a scroll of blinking {unknown}
 j - 3 scrolls of remove curse {unknown}
 n - a scroll of random uselessness {unknown}
 p - a scroll of teleportation
 q - a scroll of magic mapping {unknown}
Potions
 f - a potion of mutation {unknown}
 h - a potion of magic {unknown}
 l - a potion of lignification {unknown}
 o - a potion of curing {unknown}
Comestibles
 c - 3 rations
 d - 3 chunks of flesh


   Skills:
 + Level 3.8(2.5) Fighting
 + Level 5.6(4.2) Axes
 + Level 4.1(2.7) Armour
 + Level 3.3(1.9) Dodging
 + Level 0.6(0.0) Stealth


You had 5 spell levels left.
You didn't know any spells.
Your spell library contained the following spells:

 Spells                   Type           Power        Failure   Level  Hunger
 Beastly Appendage        Tmut           #.....       95%         1    ##.....
 Sticks to Snakes         Tmut           #.......     99%         2    ###....
 Spider Form              Tmut/Pois      #.........   100%        3    ####...
 Ice Form                 Ice/Tmut       #.......     100%        4    #####..
 Blade Hands              Tmut           #.........   100%        5    ######.


Dungeon Overview and Level Annotations

Branches:
Dungeon (6/15)             Temple (0/1) D:4

Altars:


Innate Abilities, Weirdness & Mutations

You are resistant to damage.
You can heal yourself by infusing magical energy.
You passively map a small area around you.
You do not regenerate.
Scrolls take you a little longer to read.


Message History

The black bear bites you but does no damage.
The black bear claws you but does no damage. x2
You slash the ogre!
The ogre is heavily wounded.
You hit the wight but do no damage. You slash the black bear!
You kill the black bear!
Trog accepts your kill.
Your base Armour skill increases to level 4!
The wight hits you from afar with a +0 trident.
* * * LOW HITPOINT WARNING * * *
You feel drained. The ogre hits you with a +0 giant club!
* * * LOW HITPOINT WARNING * * *
Unknown command.
You barely miss the ogre.
The ogre is heavily wounded.
You barely miss the bullfrog. You hit the wight but do no damage.
The bullfrog closely misses you.
The wight hits you with a cursed +2 mace of protection.
The wight hits you from afar with a +0 trident.
You die...

#..# #..# * #..# ,
###.<###..# * ,
######{oo.......#
,, ,
.#....[hh...###..#*
,.......z#.z..... ,
, ,
.#######z#........
^Zz.zzF@)#.##.##..
, ≈.######O#.. #..
. , , #.### ##. , ,
* #.# , * , #.# *
..# * , * , #.# , ≈
.# , , , ,


You could see an ogre, a bullfrog, 5 wights, an orc wizard, an orc, a leopard
gecko zombie and 2 jackals.

Vanquished Creatures
  A black bear (D:6)
  Blork the orc (D:5)
  A wight (D:6)
  A bullfrog zombie (D:5)
  A hound (D:4)
  A worker ant (D:5)
  2 adders
  A gnoll (D:6)
  2 river rats (D:3)
  2 oozes (D:3)
  A worm (D:4)
  A leopard gecko (D:6)
  An orc (D:3)
  4 ball pythons (Sewer)
  5 giant cockroaches
  A kobold (D:3)
  A quokka (D:3)
  A bat (D:3)
  10 frilled lizards
  6 rats
44 creatures vanquished.

Notes
Turn   | Place    | Note
-------+----------+-------------------------------------------
     0 | D:1      | emperorscorpion the Deep Dwarf Berserker began the quest
                  | for the Orb.
     0 | D:1      | Reached XP level 1. HP: 20/20 MP: 1/1
    12 | D:2      | Reached XP level 2. HP: 27/27 MP: 2/2
    33 | D:3      | Found a glowing drain.
    94 | D:3      | Reached skill level 4 in Axes
    94 | D:3      | Reached XP level 3. HP: 34/34 MP: 3/3
   158 | Sewer    | Entered a sewer
   205 | Sewer    | Reached ** piety under Trog
   271 | Sewer    | Reached XP level 4. HP: 19/42 MP: 4/4
   443 | D:5      | Entered Level 5 of the Dungeon
   458 | D:5      | Got a crude leather armour
   469 | D:5      | Identified the +1 leather armour of Ashenzari's Favour
                  | {*Contam rElec rPois} (You found it on level 5 of the
                  | Dungeon)
   539 | D:5      | Reached XP level 5. HP: 27/49 MP: 5/5
   540 | D:5      | Noticed Blork the orc
   552 | D:5      | Killed Blork the orc
   552 | D:5      | Reached skill level 5 in Axes
   565 | D:5      | Gained mutation: Scrolls take you a little longer to read.
                  | [mutagenic glow]
   643 | D:6      | Noticed a black bear
   644 | D:6      | Noticed an ogre
   656 | D:6      | Noticed an ogre
   668 | D:6      | Reached XP level 6. HP: 17/57 MP: 5/5
   668 | D:6      | Noticed an orc warrior
   669 | D:6      | HP: 2/85 [ogre/+0 giant club (14)]
   670 | D:6      | Slain by a wight

Levels and vault maps discovered:
D:1:      dpeg_arrival_stonehenge_8_columns, layout_basic,
          minmay_misc_feat_alley, chequers_serial_rivers_marsh,
          minmay_tetromino_s2
D:2:      layout_loops_ring, nemelex_xobeh_ov_fountains_minmay,
          overflow_temple_1_default, lemuel_round_altar
D:3:      layout_rooms, portal_sewer_entry_b, grunt_ministairs_15
D:4:      layout_gridville, lemuel_doored_altar, nicolae_ru_path_of_blood,
          minmay_temple_entry_grid, first_ration
D:5:      layout_rooms, uniq_blork_the_orc
D:6:      layout_loops_ring, lemuel_coloured_pillars_altar,
          grunt_qazlal_sundering, basic_altar, minmay_between

Skill      XL: |  1  2  3  4  5  6 |
---------------+-------------------+-----
Fighting       | 3 |  3.8
Axes           | 4 5 |  5.6
Armour         | 3 4 |  4.1
Dodging        | 3 |  3.3
Stealth        | |  0.6

Action                   |  1- 3 |  4- 6 || total
-------------------------+-------+-------++-------
Melee: Hand axe          |    74 |    81 ||   155
Invok: Berserk           |     2 |     4 ||     6
 Abil: Heal Wounds       |     1 |     3 ||     4
  Use: Scroll            |     2 |       ||     2
       Potion            |     1 |     1 ||     2
  Eat: Chunk             |       |     3 ||     3
Armor: Animal skin       |     6 |       ||     6
       Ring mail         |    19 |     4 ||    23
       Leather armour    |       |     4 ||     4
       Chain mail        |       |    56 ||    56
Dodge: Dodged            |    56 |    79 ||   135

Table legend:
 A = Non-vault XP
 B = Vault XP
 C = Vault XP percentage of total XP
 D = Non-vault monster count
 E = Vault monster count
 F = Vault count percentage of total count
                 A         B        C        D         E       F
            +---------+---------+-------+---------+---------+-------
      Total |     380 |     157 |  29.2 |      20 |      24 |  54.5
            +---------+---------+-------+---------+---------+-------
        D:2 |      14 |       0 |   0.0 |       1 |       0 |   0.0
        D:3 |      26 |      36 |  58.1 |       9 |       8 |  47.1
        D:4 |      47 |       0 |   0.0 |       2 |       0 |   0.0
        D:5 |      83 |      90 |  52.0 |       4 |       1 |  20.0
        D:6 |     210 |       0 |   0.0 |       4 |       0 |   0.0
      Sewer |       0 |      31 | 100.0 |       0 |      15 | 100.0
            +---------+---------+-------+---------+---------+-------
